 Dungeon Crawl Stone Soup version 0.29.1-1-gd02db6906a (webtiles) character file.

Game seed: 8454619760298831653

4075 Icepheonix32 the Basher (level 10, -5/91 HPs)
             Began as a Minotaur Fighter on Sept 15, 2022.
             Was a Follower of Okawaru.
             Slain by a death yak (18 damage)
             ... on level 9 of the Dungeon.
             The game lasted 00:10:37 (6917 turns).

Icepheonix32 the Basher (Minotaur Fighter)          Turns: 6917, Time: 00:10:37

Health: -5/91      AC: 26    Str: 24    XL:     10   Next: 5%
Magic:  8/10       EV: 12    Int:  5    God:    Okawaru [*.....]
Gold:   811        SH:  6    Dex: 11    Spells: 9/9 levels left

rFire   + . .      SeeInvis .   m - +1 flail (protect)
rCold   . . .      Faith    .   c - +0 buckler
rNeg    + . .      Spirit   .   w - +0 chain mail
rPois   .          Reflect  .   (helmet restricted)
rElec   .          Harm     .   y - +2 cloak
rCorr   .          Rampage  .   B - +0 pair of gloves
Will    .....                   l - +0 pair of boots
Stlth   +.........              p - amulet of regeneration
HPRegen 1.05/turn               e - ring of positive energy
MPRegen 0.12/turn               (no ring)

@: brilliant, heroic, under a protective aura, hasted, invisible, very quick
A: horns 2, retaliatory headbutt, fire resistance 1, sturdy frame 1
a: Renounce Religion, Heroism


You were on level 9 of the Dungeon.
You worshipped Okawaru.
Okawaru was aware of your devotion.
You visited 2 branches of the dungeon, and saw 10 of its levels.

You collected 811 gold pieces.

Inventory:

Hand Weapons
 a - a +0 war axe
 k - a +1 whip of protection
 m - a +1 flail of protection (weapon)
 F - a +0 battleaxe
Missiles
 u - 2 throwing nets (quivered)
Armour
 b - a +0 scale mail
 c - a +0 buckler (worn)
 f - a +0 plate armour
 l - a +0 pair of boots (worn)
 w - a +0 chain mail (worn)
 y - a +2 cloak (worn)
 B - a +0 pair of gloves (worn)
 D - a +2 leather armour of fire resistance
 K - the +2 buckler of Card Tricks {rC+ Regen+ Int-4 Dex+2}
   (You found it on level 7 of the Dungeon)

   Int:       It affects your intelligence (-4).
   Dex:       It affects your dexterity (+2).
   rC:        It protects you from cold.
   Regen:     It increases your rate of health regeneration.
Jewellery
 e - a ring of positive energy (left hand)
 p - an amulet of regeneration (around neck)
 C - a ring of magical power
 E - a ring of magical power
Wands
 q - a wand of flame (18)
Scrolls
 d - 2 scrolls of fog
 i - 2 scrolls of blinking
 j - 3 scrolls of teleportation
 s - 2 scrolls of identify
 x - a scroll of immolation
 A - a scroll of enchant armour
 G - a scroll of magic mapping
Potions
 g - a potion of lignification
 h - a potion of invisibility
 n - 3 potions of curing
 o - a potion of mutation
 r - a potion of attraction
 z - a potion of haste


   Skills:
 * Level 9.3(14.3) Fighting
 - Level 3.5(12.6) Axes
 + Level 10.6(15.8) Maces & Flails
 + Level 7.9(12.9) Armour
 + Level 4.2(9.2) Dodging
 + Level 0.8(5.8) Stealth
 - Level 6.1(11.1) Shields
 * Level 2.1 Invocations


You had 9 spell levels left.
You didn't know any spells.
Your spell library contained the following spells:

 Spells                   Type           Power      Damage    Failure   Level
 Apportation              Tloc           0%         N/A       90%         1
 Foxfire                  Conj/Fire      0%         2x1d4     90%         1
 Necrotise                Necr           0%         1d4       90%         1
 Sublimation of Blood     Necr           0%         N/A       97%         2
 Wereblood                Tmut           0%         N/A       97%         2
 Conjure Flame            Conj/Fire      0%         6-21      99%         3
 Dazzling Flash           Conj/Hex       0%         N/A       99%         3
 Inner Flame              Hex/Fire       0%         N/A       99%         3
 Portal Projectile        Hex/Tloc       0%         N/A       99%         3
 Flame Wave               Conj/Fire      0%         2d4       100%        4
 Iskenderun's Mystic Bla  Conj/Tloc      0%         2d3       100%        4
 Passage of Golubria      Tloc           0%         N/A       100%        4
 Blade Hands              Tmut           0%         N/A       100%        5
 Fireball                 Conj/Fire      0%         3d3       100%        5
 Yara's Violent Unravell  Hex/Tmut       0%         3d3       100%        5
 Starburst                Conj/Fire      0%         6d3       100%        6
 Orb of Destruction       Conj           0%         9d5       100%        7
 Ignition                 Fire           0%         3d3       100%        8
 Summon Small Mammal      Summ           Unusable   N/A       N/A         1
 Summon Guardian Golem    Hex/Summ       Unusable   N/A       N/A         3
 Tukima's Dance           Hex            Unusable   N/A       N/A         3
 Spellforged Servitor     Conj/Summ      Unusable   N/A       N/A         7
 Summon Hydra             Summ           Unusable   N/A       N/A         7

Dungeon Overview and Level Annotations

Branches:
Dungeon (9/15)             Temple (1/1) D:6
   Lair: D:8-11         Orc: D:9-12

Altars:
Ashenzari
Cheibriados
Elyvilon
Fedhas
Gozag
Hepliaklqana
Kikubaaqudgha
Makhleb
Nemelex Xobeh
Okawaru
Qazlal
Ru
Sif Muna
Trog
Uskayaw
Vehumet
Wu Jian
Xom
Yredelemnul
Zin
The Shining One

Shops:
D:7 (

Annotations:
D:8 3 runed translucent doors, odiv's ghost, journeyman DsWn


Innate Abilities, Weirdness & Mutations

You have a pair of horns on your head.
You reflexively headbutt those who attack you in melee.
Your flesh is heat resistant. (rF+)
Your movements are slightly less encumbered by armour. (ER -2)


Message History

The howler monkey howls!
You hit the death yak but do no damage.
The death yak is severely wounded.
The howler monkey hoots and howls with incredible vigour!
The death yak gores you but does no damage.
The death yak barely misses you.
You hear a bellow!
You hear a shout!
You hear a bellow!
You sock the death yak!
The death yak is almost dead.
The kobold brigand barely misses you.
You hit the death yak.
The death yak is almost dead.
You feel less wooden.
Your +2 cloak unmelds from your body.
Your +0 pair of gloves unmelds from your body.
Your +0 pair of boots unmelds from your body.
Your +0 chain mail unmelds from your body.
You block the death yak's attack. The death yak gores you.
The kobold brigand hits you but does no damage.
The howler monkey hoots and howls with incredible vigour!
You hear a bellow! x2; You hear an angry buzzing noise.
You hear a bellow!
You hear an angry buzzing noise.
You hit the death yak but do no damage.
The death yak is almost dead.
The kobold brigand hits you but does no damage.
The death yak gores you!!
* * * LOW HITPOINT WARNING * * *
The death yak gores you!
* * * LOW HITPOINT WARNING * * *
The kobold brigand throws a curare-tipped dart.
The curare-tipped dart barely misses you.
You gain the combat prowess of a mighty hero.
You sock the death yak!
The death yak is lightly wounded.
It was a potion of brilliance.
You feel clever all of a sudden.
It was a potion of invisibility.
You fade into invisibility!
The death yak gores you!!
You die...

##.###.....#######
#.# #####.......##
#.# #...........
.. #........### .
#........#
#........#
#........#
.....##.#####
....# #@Y# ###.
##K# ##..h.hK..#
####.K.### #...#
/.... ......#
....... ..#.....#


You could see a death yak (unable to see you), a kobold brigand (unable to see
you), a howler monkey (unable to see you) and 2 kobolds.

Vanquished Creatures
  Pikel (D:5)
  A hornet (D:7)
  A wyvern (D:7)
  Menkaure (D:5)
  2 water moccasins (D:5)
  4 ice beasts
  2 black bears
  An orc warrior (D:7)
  2 sky beasts
  5 ogres
  A centaur (D:5)
  A lemure (D:5)
  2 phantoms
  2 kobold brigands (D:7)
  2 bullfrogs
  3 scorpions
  4 howler monkeys
  3 jellies
  2 orc priests
  5 hounds
  3 gnoll boudas
  5 iguanas
  Robin (D:4)
  13 gnolls
  7 adders
  3 white imps
  2 ufetubi
  30 orcs
  8 ball pythons
  6 endoplasms
  4 giant cockroaches
  14 goblins
  9 hobgoblins
  13 kobolds
  4 quokkas
  6 bats (D:1)
  8 frilled lizards
  6 rats
187 creatures vanquished.

Vanquished Creatures (others)
  78 plants
78 creatures vanquished.

Grand Total: 265 creatures vanquished

Notes
Turn   | Place    | Note
-------+----------+-------------------------------------------
     0 | D:1      | Icepheonix32 the Minotaur Fighter began the quest for the
                  | Orb.
     0 | D:1      | Reached XP level 1. HP: 19/19 MP: 0/0
   101 | D:1      | Reached XP level 2. HP: 21/27 MP: 1/1
   375 | D:1      | Found a faded altar of an unknown god.
  1070 | D:2      | Found a glowing golden altar of the Shining One.
  1114 | D:2      | Reached XP level 3. HP: 33/33 MP: 2/2
  2151 | D:3      | Reached XP level 4. HP: 40/40 MP: 3/3
  2573 | D:4      | Noticed a scorpion
  2581 | D:4      | Killed a scorpion
  2582 | D:4      | Reached skill level 1 in Maces & Flails
  2582 | D:4      | Reached skill level 1 in Dodging
  2582 | D:4      | Reached XP level 5. HP: 10/47 MP: 4/4
  2584 | D:4      | Reached skill level 5 in Armour
  2678 | D:4      | Reached skill level 2 in Maces & Flails
  2760 | D:4      | Noticed Robin
  2763 | D:4      | Killed Robin
  2983 | D:4      | Reached skill level 3 in Maces & Flails
  2983 | D:4      | Reached XP level 6. HP: 55/55 MP: 5/5
  3001 | D:4      | Reached skill level 5 in Fighting
  3001 | D:4      | Reached skill level 4 in Maces & Flails
  3065 | D:4      | Reached XP level 7. HP: 61/61 MP: 6/6
  3116 | D:4      | Reached skill level 5 in Maces & Flails
  3293 | D:5      | Entered Level 5 of the Dungeon
  3320 | D:5      | Reached skill level 6 in Maces & Flails
  3463 | D:5      | Noticed Pikel
  3485 | D:5      | Killed Pikel
  3486 | D:5      | Reached skill level 7 in Maces & Flails
  3486 | D:5      | Reached skill level 5 in Shields
  3486 | D:5      | Reached XP level 8. HP: 10/70 MP: 7/7
  3561 | D:5      | Noticed Menkaure
  3566 | D:5      | Killed Menkaure
  3567 | D:5      | Reached skill level 8 in Maces & Flails
  3768 | D:5      | You fall into a shaft and drop 2 floors!
  3843 | D:7      | Found a basalt altar of Yredelemnul.
  3915 | D:7      | Noticed a hornet
  3918 | D:7      | Paralysed by a hornet for 3 turns
  3936 | D:7      | Killed a hornet
  4044 | D:7      | Reached skill level 9 in Maces & Flails
  4044 | D:7      | Reached XP level 9. HP: 79/79 MP: 8/8
  4082 | D:7      | Found a glowing silver altar of Zin.
  4406 | D:6      | Found a staircase to the Ecumenical Temple.
  4417 | Temple   | Entered the Ecumenical Temple
  4488 | Temple   | Became a worshipper of Warmaster Okawaru
  4530 | D:6      | Reached skill level 10 in Maces & Flails
  4650 | D:6      | Reached skill level 1 in Invocations
  4715 | D:6      | Found an ancient bone altar of Kikubaaqudgha.
  5082 | D:5      | Found a shimmering altar of Xom.
  5392 | D:7      | Identified the +2 buckler of Card Tricks {rC+ Regen+ Int-4
                  | Dex+2}
  5413 | D:7      | Found Laob's Antique Weapon Boutique.
  5543 | D:7      | Reached * piety under Okawaru
  6050 | D:7      | Identified a scroll of acquirement
  6050 | D:7      | Acquired 371 gold pieces
  6056 | D:7      | Gained mutation: Your movements are slightly less
                  | encumbered by armour. (ER -2) [potion of mutation]
  6056 | D:7      | Gained mutation: Your flesh is heat resistant. (rF+)
                  | [potion of mutation]
  6147 | D:8      | Reached XP level 10. HP: 91/91 MP: 10/10
  6292 | D:8      | Found a sacrificial altar of Ru.
  6349 | D:8      | Found a runed translucent gate.
  6349 | D:8      | Found a runed translucent gate.
  6602 | D:8      | Found a runed translucent gate.
  6603 | D:8      | Noticed odiv's ghost (journeyman DsWn)
  6875 | D:9      | Noticed a death yak
  6875 | D:9      | Noticed a death yak
  6881 | D:9      | Noticed a death yak
  6917 | D:9      | Slain by a death yak

Illustrated notes

Levels and vault maps discovered:
D:1:      minmay_arrival_checkered_box, layout_basic,
          hellmonk_ecumenical_altar_crossroads, serial_bayou_lake_a
D:2:      layout_basic, basic_altar
D:3:      wad_pebble_path, layout_loops_ring, minmay_lizard_king
D:4:      minmay_razor_zed, layout_cave_pools, uniq_robin
D:5:      layout_gridville, amcnicky_altar_gilded, uniq_menkaure, uniq_pikel
D:6:      layout_loops_ring, overflow_temple_1_default, temple_statues
D:7:      layout_loops_corners, mainiacjoe_overflow_catch_the_wave,
          serial_shops, nicolae_shop_crystal, minmay_bent
D:8:      layout_basic, nicolae_ru_awakened_eye, gammafunk_ghost_necromancy
D:9:      layout_rooms, dpeg_lair_monsters, gammafunk_ghost_spectres, uniq_grum
Temple:   nicolae_temple_x_marks_the_god

Skill      XL: |  1  2  3  4  5  6  7  8  9 10 |
---------------+-------------------------------+-----
Fighting       | 4 5 7 9 |  9.3
Shields        | 4 5 6 |  6.1
Armour         | 4 5 6 7 |  7.9
Axes           | 3 |  3.5
Maces & Flails | 1 3 4 7 9 10 | 10.6
Dodging        | 1 2 3 4 |  4.2
Invocations    | 1 2 |  2.1
Stealth        | |  0.8

Action                   |  1- 3 |  4- 6 |  7- 9 | 10-12 || total
-------------------------+-------+-------+-------+-------++-------
Melee: War axe           |    69 |       |       |       ||    69
       Headbutt          |     5 |    15 |    60 |     2 ||    82
       Flail             |     1 |    87 |   312 |    56 ||   456
Invok: Heroism           |       |       |       |     1 ||     1
Evoke: Wand              |       |       |       |     4 ||     4
  Use: Scroll            |     4 |       |    12 |       ||    16
       Potion            |       |     2 |     4 |     4 ||    10
Armor: Scale mail        |    43 |    38 |   162 |     5 ||   248
       Skin              |       |       |    12 |    36 ||    48
       Chain mail        |       |       |       |     8 ||     8
Dodge: Dodged            |    34 |    49 |   182 |    15 ||   280
Block: Buckler           |    17 |    24 |    65 |     9 ||   115
